 Dungeon Crawl Stone Soup version 0.29.0-4-gdea44cf6ec (webtiles) character file.

Game seed: 17440606608657435063

34 qw the Chopper (level 3, -2/21 HPs)
             Began as a Tengu Warper on Aug 28, 2022.
             Slain by a worm (9 damage)
             ... on level 2 of the Dungeon.
             The game lasted 00:00:06 (1348 turns).

qw the Chopper (Tengu Warper)                       Turns: 1348, Time: 00:00:07

Health: -2/21      AC:  3    Str: 13    XL:     3   Next: 31%
Magic:  7/7        EV: 12    Int: 13    God:
Gold:   91         SH:  0    Dex: 13    Spells: 6/6 levels left

rFire   . . .      SeeInvis +   Y - +0 hand axe
rCold   . . .      Faith    .   (no shield)
rNeg    . . .      Spirit   .   b - +0 leather armour
rPois   .          Reflect  .   (helmet restricted)
rElec   .          Harm     .   (no cloak)
rCorr   .          Rampage  .   (no gloves)
Will    .....                   (boots unavailable)
Stlth   +.........              (no amulet)
HPRegen 0.07/turn               i - ring of see invisible
MPRegen 0.10/turn               (no ring)

@: no status effects
A: beak, talons 3
a: no special abilities


You were on level 2 of the Dungeon.
You visited 1 branch of the dungeon, and saw 2 of its levels.

You collected 91 gold pieces.


Innate Abilities, Weirdness & Mutations

You have a beak for a mouth.
You have claws for feet.


   Skills:
 - Level 2.0 Fighting
 + Level 4.0 Axes
 - Level 1.0 Throwing
 - Level 1.1 Armour
 - Level 2.1 Dodging
 - Level 2.0 Spellcasting
 - Level 2.4 Translocations


You had 6 spell levels left.
You didn't know any spells.
Your spell library contained the following spells:

 Spells                   Type           Power      Damage    Failure   Level
 Blink                    Tloc           14%        N/A       19%         2
 Gell's Gravitas          Tloc           7%         N/A       36%         3
 Lesser Beckoning         Tloc           7%         N/A       36%         3
 Teleport Other           Tloc           7%         N/A       36%         3
 Manifold Assault         Tloc           7%         N/A       98%         5

Inventory:

Hand Weapons
 d - a +0 whip
 Y - a +0 hand axe (weapon)
Armour
 b - a +0 leather armour (worn)
Jewellery
 i - a ring of see invisible (left hand)
Scrolls
 a - a scroll of identify
Potions
 h - a potion of magic {unknown}
 j - a potion of heal wounds
 k - a potion of ambrosia {unknown}
 m - a potion of attraction {unknown}

Dungeon Overview and Level Annotations

Branches:
Dungeon (2/15)

Altars:


Message History

You miss the adder. You peck the adder.
The adder is heavily wounded.
The adder barely misses you.
You hit the adder.
You kill the adder!
Your Axes skill increases to level 4!
You start resting.
HP restored.
Found a whip.
You now have 78 gold pieces (gained 7).
a - a scroll of identify You now have 91 gold pieces (gained 13).
You open the door. You open the door.
There is an open door here.
There is an open door here.
Found a scroll of noise.
A worm comes into view.
You see here a scroll of noise.
You slash the worm!
The worm is heavily wounded.
The worm bites you but does no damage.
You hit the worm. Your kick misses the worm.
You peck the worm, but do no damage.
The worm is heavily wounded.
You hit the worm but do no damage.
The worm is heavily wounded.
The worm bites you.
You barely miss the worm. You claw the worm!
The worm is almost dead.
The worm bites you!
You hit the worm.
The worm is almost dead.
You hit the worm but do no damage. You claw the worm, but do no damage.
The worm is almost dead.
The worm bites you.
You barely miss the worm. Your peck misses the worm.
The worm is almost dead.
The worm bites you!
You die...

#..#.##....).......
...#..........###..
#.#####.#.......
........#...##.##
#.#######...##.###
#.###....>.......#
#..............#.##
#####.###......?..+
#####......#####@##
#..........#.....w......
#..........#.###.##.....
'.....)....# ... ....
#..........# #.# ..#
###'#####.## #.# .# #.#
#.# #.# # #.#####.# #.#
#.....#.#


You could see a worm.

Vanquished Creatures
  An adder (D:2)
  3 endoplasms
  3 giant cockroaches (D:1)
  A goblin (D:2)
  2 jackals (D:2)
  4 kobolds
  3 ball pythons (D:1)
  3 bats (D:1)
  A frilled lizard (D:2)
  2 rats (D:1)
23 creatures vanquished.

Notes
Turn   | Place    | Note
-------+----------+-------------------------------------------
     0 | D:1      | qw the Tengu Warper began the quest for the Orb.
     0 | D:1      | Reached XP level 1. HP: 12/12 MP: 4/4
     0 | D:1      | 0 ||| qw: Version: 0.1-a-89-g26bdef1
     0 | D:1      | 0 ||| qw: Game counter: 37
     0 | D:1      | 0 ||| qw: Always use a shield: true
     0 | D:1      | 0 ||| qw: God list: Okawaru
     0 | D:1      | 0 ||| qw: Allow faded altars: false
     0 | D:1      | 0 ||| qw: Do Orc after D:15 true
     0 | D:1      | 0 ||| qw: Do second Lair branch before Depths: true
     0 | D:1      | 0 ||| qw: Lair rune preference: random
     0 | D:1      | 0 ||| qw: Plans: Normal
     0 | D:1      | 0 ||| PLANNING D:1-11
   261 | D:1      | Reached XP level 2. HP: 17/17 MP: 6/6
   265 | D:1      | Reached skill level 3 in Axes
   288 | D:1      | 288 ||| DROPPING +0 club.
   339 | D:1      | Found a faded altar of an unknown god.
   912 | D:1      | 912 ||| UPGRADING to ring of see invisible.
   913 | D:1      | 913 ||| READING scroll labelled ZOFENA UPOKETOG.
   914 | D:1      | 914 ||| READING scroll labelled BAECHAZUIH.
   915 | D:1      | 915 ||| READING scroll labelled TAT PIACOBASEIHO.
   916 | D:1      | 916 ||| READING scroll labelled SIAT XYONKIFFE.
   917 | D:1      | 917 ||| DRINKING 2 blue potions.
   918 | D:1      | 918 ||| DROPPING scroll of blinking.
   966 | D:2      | 966 ||| Stepping ~*~*~tactically~*~*~ (stealth).
   970 | D:2      | 970 ||| FLEEEEING.
   971 | D:2      | 971 ||| FLEEEEING.
   972 | D:2      | 972 ||| FLEEEEING.
   973 | D:2      | 973 ||| FLEEEEING.
   974 | D:2      | 974 ||| FLEEEEING.
   975 | D:2      | 975 ||| FLEEEEING.
   976 | D:2      | 976 ||| FLEEEEING.
   977 | D:2      | 977 ||| FLEEEEING.
   978 | D:2      | 978 ||| FLEEEEING.
   979 | D:2      | 979 ||| FLEEEEING.
   980 | D:2      | 980 ||| FLEEEEING.
   981 | D:2      | 981 ||| FLEEEEING.
   982 | D:2      | 982 ||| STAIRDANCE
  1086 | D:2      | Reached XP level 3. HP: 21/21 MP: 7/7
  1192 | D:2      | Reached skill level 4 in Axes
  1348 | D:2      | Slain by a worm

Levels and vault maps discovered:
D:1:      co_arrival_random_square_maze, layout_basic,
          chequers_ecumenical_altar_island, minmay_misc_feat_chi,
          minmay_strange_pillars
D:2:      layout_basic, serial_shops, shop

Skill      XL: |  1  2  3 |
---------------+----------+-----
Axes           | 3 4 |  4.0
Fighting       | |  2.0
Throwing       | |  1.0
Armour         | |  1.1
Dodging        | |  2.1
Spellcasting   | |  2.0
Translocations | |  2.4

Action                   || total
-------------------------++-------
Melee: Hand axe          ||    48
       Kick              ||     8
       Peck              ||    12
Throw: Boomerang         ||     7
  Use: Scroll            ||     4
       Potion            ||     1
Armor: Leather armour    ||    13
Dodge: Dodged            ||    16

Table legend:
 A = Non-vault XP
 B = Vault XP
 C = Vault XP percentage of total XP
 D = Non-vault monster count
 E = Vault monster count
 F = Vault count percentage of total count
                 A         B        C        D         E       F
            +---------+---------+-------+---------+---------+-------
      Total |      49 |       0 |   0.0 |      23 |       0 |   0.0
            +---------+---------+-------+---------+---------+-------
        D:1 |      24 |       0 |   0.0 |      15 |       0 |   0.0
        D:2 |      25 |       0 |   0.0 |       8 |       0 |   0.0
            +---------+---------+-------+---------+---------+-------
